 Dungeon Crawl Stone Soup version 0.29.1-15-g9cfb28693d (webtiles) character file.

Game seed: 10324595428005968207

249 Heoruswealwe the Shooter (level 5, -2/45 HPs)
             Began as a Demigod Hunter on Mar 26, 2023.
             Slain by an orc
             ... wielding a +0 war axe
              (7 damage)
             ... on level 3 of the Dungeon.
             The game lasted 00:21:34 (1182 turns).

Heoruswealwe the Shooter (Demigod Hunter)           Turns: 1182, Time: 00:21:36

Health: -2/45      AC:  3    Str: 12    XL:     5   Next: 56%
Magic:  7/7        EV: 13    Int: 11    God:
Gold:   121        SH:  0    Dex: 21    Spells: 4/4 levels left

rFire   + . .      SeeInvis .   a - +0 shortbow
rCold   . . .      Faith    .   (shield currently unavailable)
rNeg    . . .      Spirit   .   c - +0 leather armour
rPois   .          Reflect  .   (no helmet)
rElec   .          Harm     .   (no cloak)
rCorr   .          Rampage  .   (no gloves)
Will    .....                   (no boots)
Stlth   ++........              (no amulet)
HPRegen 0.15/turn               k - ring of protection from fire
MPRegen 0.10/turn               (no ring)

@: no status effects
A: high MP 1, forlorn, divine attributes
a: no special abilities


You were on level 3 of the Dungeon.
You visited 1 branch of the dungeon, and saw 3 of its levels.

You collected 121 gold pieces.

Inventory:

Hand Weapons
 a - a +0 shortbow (weapon)
 b - a +0 war axe
Armour
 c - a +0 leather armour (worn)
Jewellery
 k - a ring of protection from fire (left hand)
Wands
 p - a wand of flame (18)
Scrolls
 d - a scroll of summoning {unknown}
 e - 3 scrolls of amnesia {unknown}
 g - 3 scrolls of identify {unknown}
 h - 2 scrolls of enchant weapon {unknown}
 l - a scroll of noise {unknown}
 o - a scroll of enchant armour {unknown}
Potions
 f - 2 potions of flight {unknown}
 i - 2 potions of heal wounds {unknown}
 j - 3 potions of curing {unknown}
 m - a potion of brilliance {unknown}
 n - a potion of magic {unknown}


   Skills:
 + Level 3.1 Fighting
 + Level 4.5 Ranged Weapons
 + Level 3.1 Dodging
 + Level 2.9 Stealth


You had 4 spell levels left.
You didn't know any spells.
Your spell library contained the following spells:

 Spells                   Type           Power      Damage    Failure   Level
 Summon Small Mammal      Summ           0%         N/A       41%         1
 Call Canine Familiar     Summ           0%         N/A       80%         3
 Summon Guardian Golem    Hex/Summ       0%         N/A       80%         3


Dungeon Overview and Level Annotations

Branches:
Dungeon (3/15)


Innate Abilities, Weirdness & Mutations

You have an increased reservoir of magic. (+10% MP)
You shall have no god before yourself.
Your divine heritage dramatically boosts your attributes as you level up.


Message History

The orc closely misses you.
Fire: a) +0 shortbow
Press: ? - help, Q - select action, (/) - cycle Shift-Dir - straight line, f/p - orc
Aim: an orc, wielding a +0 club and wearing a +0 leather armour (moderately wounded, 65% to hit)
You shoot an arrow. The arrow hits the orc.
The orc is severely wounded.
The orc hits you with a +0 dagger.
* * * LOW HITPOINT WARNING * * *
Fire: a) +0 shortbow
Press: ? - help, Q - select action, (/) - cycle Shift-Dir - straight line, f/p - orc
Aim: an orc, wielding a +0 club and wearing a +0 leather armour (moderately wounded, 65% to hit)
You shoot an arrow.
The arrow hits the orc but does no damage.
The orc is severely wounded.
The orc misses you.
Fire: a) +0 shortbow
Press: ? - help, Q - select action, (/) - cycle Shift-Dir - straight line, f/p - orc
Aim: an orc, wielding a +0 club and wearing a +0 leather armour (moderately wounded, 65% to hit)
You shoot an arrow. The arrow hits the orc!
You kill the orc!
The orc completely misses you.
Fire: a) +0 shortbow
Press: ? - help, Q - select action, (/) - cycle Shift-Dir - straight line, f/p - orc
Aim: an orc, wielding a +0 club and wearing a +0 leather armour (moderately wounded, 65% to hit)
You shoot an arrow. The arrow hits the orc.
You kill the orc!
Fire: a) +0 shortbow
Press: ? - help, Q - select action, (/) - cycle Shift-Dir - straight line, f - orc
Aim: an orc, wielding a +0 war axe and wearing a +0 leather armour (65% to hit)
You shoot an arrow.
The arrow hits the orc but does no damage.
The orc hits you with a +0 war axe.
* * * LOW HITPOINT WARNING * * *
Fire: a) +0 shortbow
Press: ? - help, Q - select action, (/) - cycle Shift-Dir - straight line, f/p - orc
Aim: an orc, wielding a +0 war axe and wearing a +0 leather armour (65% to hit)
You shoot an arrow. The arrow hits the orc.
The orc is almost dead.
The orc hits you with a +0 war axe!
You die...

≈≈~##.#.#.........####
~~~..................#
≈≈~.......##.####.##.#
♣≈~#......##.# ##.##.#
♣≈~##.....##.###..##.#
♣≈~##.#.####.........#
≈≈~##.#.####.###.#####
...##........# #.#
≈≈.####'###### #@#
♣≈.###...## #o#
♣≈~##.....## ###.####
♣≈)#.......###......#
≈≈)<........##.#....#
.~~.........+.......#
###.........##.#....#
##.......###o#....#
##.....## # ###..#


You could see an orc.

Vanquished Creatures
  Sigmund (D:2)
  An orc priest (D:3)
  An orc wizard (D:3)
  A dart slug (D:2)
  5 orcs (D:3)
  A giant cockroach (D:2)
  A goblin (D:1)
  2 hobgoblins (D:1)
  2 quokkas
  2 ball pythons
  4 bats (D:1)
  2 frilled lizards
  2 rats
25 creatures vanquished.

Notes
Turn   | Place    | Note
-------+----------+-------------------------------------------
     0 | D:1      | Heoruswealwe the Demigod Hunter began the quest for the
                  | Orb.
     0 | D:1      | Reached XP level 1. HP: 17/17 MP: 3/3
    88 | D:1      | Reached skill level 1 in Stealth
   284 | D:1      | Reached XP level 2. HP: 23/24 MP: 4/4
   586 | D:2      | Noticed Sigmund
   596 | D:2      | Killed Sigmund
   597 | D:2      | Reached skill level 4 in Ranged Weapons
   597 | D:2      | Reached XP level 3. HP: 7/30 MP: 5/5
   597 | D:2      | Reached XP level 4. HP: 8/37 MP: 6/6
   597 | D:2      | Reached XP level 5. HP: 10/44 MP: 7/7
  1182 | D:3      | Slain by an orc

Illustrated notes

Levels and vault maps discovered:
D:1:      psy_arrival_statuary, layout_rooms
D:2:      layout_loops_ring, shapermc_ecumenical_altar_notcrosses, uniq_sigmund
D:3:      layout_loops_corners, lemuel_coloured_pillars_altar,
          gammafunk_ghost_necromancy, serial_shops, nicolae_shop_statue_plus,
          kennysheep_boxes

Skill      XL: |  1  2  3  4  5 |
---------------+----------------+-----
Stealth        | 1 2 |  2.9
Dodging        | 2 3 |  3.1
Fighting       | 2 3 |  3.1
Ranged Weapons | 4 |  4.5

Action                   |  1- 3 |  4- 6 || total
-------------------------+-------+-------++-------
 Fire: Shortbow          |    38 |    38 ||    76
Armor: Leather armour    |     2 |       ||     2
Dodge: Dodged            |     9 |    10 ||    19
